 Dungeon Crawl Stone Soup version 0.30-a0-1157-g2cc9ac7196 (webtiles) character file.

Game seed: 10570014870459157361

1283 jlumianski the Chopper (level 8, -4/63 HPs)
             Began as a Demonspawn Fighter on Apr 25, 2023.
             Slain by a sleepcap (6 damage)
             ... on level 5 of the Dungeon.
             The game lasted 00:14:50 (4469 turns).

jlumianski the Chopper (Demonspawn Fighter)         Turns: 4469, Time: 00:14:51

Health: -4/63      AC: 11    Str: 19    XL:     8   Next: 29%
Magic:  8/8        EV:  2    Int:  9    God:
Gold:   126        SH:  0    Dex: 13    Spells: 7/7 levels left

rFire   + . .        a - +0 war axe
rCold   . . .        c - +0 buckler
rNeg    . . .        h - +0 chain mail
rPois   +            (no helmet)
rElec   .            (no cloak)
rCorr   .            (no gloves)
SInv    .            (no boots)
Will    .....        (no amulet) Stlth
                     i - ring of protection from fire
HPRegen 0.30/turn    w - ring of poison resistance
MPRegen 0.22/turn

%: no passive effects
@: sleeping
A: molten scales 1, magic regeneration, weakness stinger 1
a: no special abilities


You were on level 5 of the Dungeon.
You visited 1 branch of the dungeon, and saw 6 of its levels.

You collected 154 gold pieces.
You spent 28 gold pieces at shops.

Inventory:

Hand Weapons
 a - a +0 war axe (weapon)
 D - a +1 whip of flaming
Missiles
 d - a javelin (quivered)
 e - 48 stones
 r - 5 poisoned darts
 y - 3 boomerangs
Armour
 b - a +0 scale mail
 c - a +0 buckler (worn)
 g - a +0 pair of boots
 h - a +0 chain mail (worn)
 n - a +0 helmet
 z - a +2 ring mail of fire resistance
Jewellery
 i - a ring of protection from fire (left hand)
 u - a ring of protection from cold
 w - a ring of poison resistance (right hand)
Wands
 v - a wand of mindburst (12)
Scrolls
 f - a scroll of vulnerability
 m - a scroll of blinking
 o - a scroll of teleportation
 p - a scroll of acquirement {unknown}
 q - a scroll of enchant weapon {unknown}
 s - a scroll of silence {unknown}
 A - a scroll of magic mapping {unknown}
 C - 2 scrolls of immolation
Potions
 j - 2 potions of resistance
 k - 3 potions of flight
 l - a potion of invisibility
 t - a potion of curing
 x - a potion of haste
 B - a potion of attraction {unknown}


   Skills:
 + Level 5.4 Fighting
 + Level 6.5 Axes
 + Level 0.2 Throwing
 + Level 4.6 Armour
 + Level 1.6 Dodging
 + Level 3.9 Shields


You had 7 spell levels left.
You didn't know any spells.
Your spell library contained the following spells:

 Spells                   Type           Power      Damage    Failure   Level
 Sublimation of Blood     Necr           0%         N/A       99%         2
 Wereblood                Tmut           0%         N/A       99%         2
 Hailstorm                Conj/Ice       0%         3d3       100%        3
 Ice Form                 Ice/Tmut       0%         N/A       100%        4
 Simulacrum               Ice/Necr       0%         N/A       100%        6
 Summon Hydra             Summ           0%         N/A       100%        7


Dungeon Overview and Level Annotations

Branches:
Dungeon (6/15)
 Temple: D:4-7

Altars:

Shops:
D:1 ?

Annotations:
D:5 1 runed translucent door, Crazy Yiuf


Innate Abilities, Weirdness & Mutations

You are partially covered in molten scales. (AC +2)
You regenerate magic rapidly.
You have a small tail.


Message History

Press: ? - help, Q - select action, (/) - cycle Shift-Dir - straight line, f/p - orc priest
Aim: an orc priest, wielding a +0 falchion and wearing a +0 leather armour (heavily wounded, 59% to hit)
You throw a javelin.
The javelin pierces through the orc priest.
The orc priest is almost dead.
The javelin pierces through the orc!
You kill the orc!
You block the orc priest's attack. The orc barely misses you.
The orc hits you but does no damage. You block the orc priest's attack.
You hit the orc priest but do no damage.
The orc priest is almost dead.
You slash the orc!
You kill the orc!
The orc priest invokes the aid of Beogh against you.
Beogh smites you!
* * * LOW HITPOINT WARNING * * *
You closely miss the orc priest.
The orc priest is almost dead.
You hit the sleepcap.
The orc priest looks satisfied for a moment.
The sleepcap completely misses you.
You slash the orc priest!
You kill the orc priest!
You hit the sleepcap. The sleepcap releases spores at you.
* * * LOW HITPOINT WARNING * * *
You hit the sleepcap but do no damage.
The sleepcap is lightly damaged.
The sentinel's mark upon you fades away.
The sleepcap releases spores at you but does no damage.
You hit the sleepcap but do no damage.
The sleepcap is lightly damaged.
The sleepcap releases spores at you but does no damage.
You hit the sleepcap but do no damage.
The sleepcap is lightly damaged.
The sleepcap releases spores at you.
* * * LOW HITPOINT WARNING * * *
You are engulfed in a cloud of soporific spores!
You fall asleep.
The sleepcap releases spores at you.
You die...

#.# #.. # #.# #
#.#.#.#
#o###.#<#.#
#.o....o..#
#######o###
#############o#
#...#.@))..(#.#
#...#f#####.#.#
####### #...#.# #
#.#
......#####...#)#
#.#o####
......).f.†...'>#
#...<..#
..#..############
######.# ..#...#
# ###...##
..##...#


You could see a sleepcap.

Vanquished Creatures
  Pikel (D:5)
  An ogre (D:3)
  A phantom (D:5)
  A bullfrog (D:5)
  A scorpion (D:5)
  2 hounds (D:5)
  4 orc priests (D:5)
  5 iguanas
  2 orc wizards
  Robin (D:2)
  6 adders
  2 worms
  20 orcs
  5 ball pythons
  8 bats
  6 endoplasms
  3 giant cockroaches
  8 hobgoblins
  5 kobolds
  2 quokkas
  2 frilled lizards
  8 goblins
  20 rats
114 creatures vanquished.

Notes
Turn   | Place    | Note
-------+----------+-------------------------------------------
     0 | D:1      | jlumianski the Demonspawn Fighter began the quest for the
                  | Orb.
     0 | D:1      | Reached XP level 1. HP: 18/18 MP: 1/1
   208 | D:2      | Gained mutation: You have a small tail. [demonic ancestry]
   208 | D:2      | Reached XP level 2. HP: 23/24 MP: 2/2
   506 | D:1      | Found Jestruuta's Magic Scroll Shoppe.
   524 | D:1      | Found a faded altar of an unknown god.
   545 | D:1      | Reached skill level 2 in Axes
   557 | D:1      | Bought a scroll of identify for 28 gold pieces
   888 | D:2      | Gained mutation: You are partially covered in molten
                  | scales. (AC +2) [demonic ancestry]
   888 | D:2      | Reached XP level 3. HP: 29/29 MP: 3/3
  1077 | D:2      | Noticed Robin
  1130 | D:2      | Killed Robin
  2016 | D:4      | Reached XP level 4. HP: 35/35 MP: 4/4
  2392 | D:3      | Reached skill level 3 in Axes
  2415 | D:3      | Gained mutation: You regenerate magic rapidly. [demonic
                  | ancestry]
  2415 | D:3      | Reached XP level 5. HP: 41/41 MP: 5/5
  2531 | D:4      | Noticed an ogre
  2583 | D:3      | Killed an ogre
  2604 | D:4      | Reached skill level 4 in Axes
  2625 | D:4      | Reached XP level 6. HP: 17/48 MP: 6/6
  2768 | D:5      | Entered Level 5 of the Dungeon
  3667 | D:5      | Found a runed translucent door.
  3668 | D:5      | Noticed Crazy Yiuf
  3777 | D:5      | Noticed Pikel
  3797 | D:5      | Killed Pikel
  3798 | D:5      | Reached skill level 6 in Axes
  3798 | D:5      | Reached skill level 1 in Dodging
  3798 | D:5      | Reached XP level 7. HP: 17/55 MP: 7/7
  4004 | D:5      | Reached XP level 8. HP: 61/61 MP: 8/8
  4311 | D:5      | Reached skill level 5 in Fighting
  4469 | D:5      | HP: 2/63 [sleepcap (6)]
  4469 | D:5      | Slain by a sleepcap

Illustrated notes

Levels and vault maps discovered:
D:1:      dpeg_arrival_erosion, layout_basic, serial_shops,
          nicolae_shop_rolling_square, ebering_ecumenical_altar_rust
D:2:      layout_basic, uniq_robin
D:3:      layout_rooms, grunt_decor_resistance, minmay_rat_hole
D:4:      layout_loops_ring
D:5:      layout_basic, serial_curves, eino_curves_03, eino_curves_04,
          uniq_crazy_yiuf_cottage, uniq_eustachio, uniq_pikel, uniq_sigmund
D:6:      layout_rooms, temple_doors_e

Skill      XL: |  1  2  3  4  5  6  7  8 |
---------------+-------------------------+-----
Axes           | 2 3 4 6 |  6.5
Armour         | 3 4 |  4.6
Shields        | 3 |  3.9
Fighting       | 4 5 |  5.4
Dodging        | 1 |  1.6
Throwing       | |  0.2

Action                     |  1- 3 |  4- 6 |  7- 9 || total
---------------------------+-------+-------+-------++-------
  Melee: War axe           |    87 |   176 |    64 ||   327
         Tailslap          |    10 |    20 |     5 ||    35
  Throw: Stone             |     2 |     8 |       ||    10
         Dart              |       |       |     1 ||     1
         Javelin           |       |       |     2 ||     2
    Use: Scroll            |     3 |     7 |       ||    10
         Potion            |       |     2 |       ||     2
 Armour: Scale mail        |     2 |       |       ||     2
         Chain mail        |    59 |    86 |    28 ||   173
         Skin              |       |    10 |     1 ||    11
  Dodge: Dodged            |    35 |    48 |    22 ||   105
  Block: Buckler           |    29 |    33 |    14 ||    76

Table legend: (Time is in decaauts)
 A = Elapsed time spent in this place.
 B = Non-inter-level travel time spent in this place.
 C = Inter-level travel time spent in this place.
 D = Time resting spent in this place.
 E = Time spent auto-exploring this place.
 F = Levels seen in this place.
 G = Mean time per level.
                   A        B        C        D        E       F      G
               +--------+--------+--------+--------+--------+-----+--------+
         Total |   4590 |   4477 |    113 |    219 |   2718 |   6 |  765.0 |
       Dungeon |   4590 |   4477 |    113 |    219 |   2718 |   6 |  765.0 |
               +--------+--------+--------+--------+--------+-----+--------+

Top non-repeatable levels by time:
     D:4: 1190 daAuts
     D:2: 995 daAuts
     D:1: 894 daAuts
     D:5: 846 daAuts
     D:3: 658 daAuts
     D:6: 5 daAuts
